 Dungeon Crawl Stone Soup version 0.21.1-1-g345015f (webtiles) character file.

37642 vatarom the Frost Mage (level 13, -1/72 HPs)
             Began as a Deep Elf Ice Elementalist on Apr 5, 2018.
             Was a High Priest of Sif Muna.
             Engulfed by a swamp dragon's poison gas (9 damage)
             ... on level 6 of the Lair of Beasts.
             The game lasted 00:55:59 (21410 turns).

vatarom the Frost Mage (Deep Elf Ice Elementalist) Turns: 21410, Time: 00:56:00

Health: -1/72      AC:  9    Str:  6    XL:     13   Next: 59%
Magic:  5/32       EV: 14    Int: 25    God:    Sif Muna [*****.]
Gold:   391        SH:  0    Dex: 15    Spells: 9/38 levels left

rFire    . . .     SeeInvis .   K - staff of cold
rCold    + + .     Gourm    .   (no shield)
rNeg     . . .     Faith    +   I - +2 robe {rC+}
rPois    .         Spirit   .   E - +0 hat {MR+}
rElec    .         Reflect  .   z - +0 cloak
rCorr    .         Harm     .   d - +2 pair of gloves
MR       +++..                  e - +0 pair of boots
Stlth    ++++......             C - amulet of faith
HPRegen  0.22/turn              i - ring of protection from magic
MPRegen  0.23/turn              u - ring of stealth

@: lethally poisoned (-1 -> -15), divine energy
A: no striking features
a: Stop Divine Energy, Channel Magic, Forget Spell, Renounce Religion


You were on level 6 of the Lair of Beasts.
You worshipped Sif Muna.
Sif Muna was extremely pleased with you.
You were not hungry.

You visited 3 branches of the dungeon, and saw 18 of its levels.
You visited 1 bazaar.

You collected 841 gold pieces.
You spent 450 gold pieces at shops.

Inventory:

Hand Weapons
 b - a +1 demon whip of electrocution
Armour
 d - a +2 pair of gloves (worn)
 e - a +0 pair of boots (worn)
 z - a +0 cloak (worn)
 E - a +0 hat of magic resistance (worn)
 I - a +2 robe of cold resistance (worn)
Magical Staves
 K - an uncursed staff of cold (weapon)
Jewellery
 i - a ring of protection from magic (left hand)
 m - an uncursed ring of poison resistance
 u - a ring of stealth (right hand)
 C - an amulet of faith (around neck)
Wands
 f - a wand of random effects (28)
 r - a wand of disintegration (26)
 s - a wand of clouds (4)
 v - a wand of acid (10)
 A - a wand of flame (41)
 L - a wand of polymorph (16)
 M - a wand of enslavement (26)
Scrolls
 h - 8 scrolls of remove curse
 n - 4 scrolls of amnesia
 o - 2 scrolls of enchant weapon
 w - 2 scrolls of identify
 y - a scroll of immolation
 J - a scroll of magic mapping
Potions
 a - a potion of ambrosia
 g - 3 potions of might
 k - 5 potions of flight
 l - 2 potions of cancellation
 p - 2 potions of berserk rage
 q - 3 potions of agility
 t - 7 potions of curing
 x - 2 potions of brilliance
 D - 2 potions of lignification
 F - a potion of invisibility
Books
 G - Sif Muna's Collected Works on Destructive Venom
   (Sif Muna gifted it to you on level 10 of the Dungeon)

   Spells                             Type                      Level
   a - Magic Dart                     Conjuration                  1
   b - Dazzling Spray                 Conjuration/Hexes            3
   c - Ignite Poison                  Fire/Transmutation/Poison    3
   d - Iskenderun's Mystic Blast      Conjuration                  4
   e - Iskenderun's Battlesphere      Conjuration/Charms           5
   f - Bolt of Cold                   Conjuration/Ice              6
   g - Glaciate                       Conjuration/Ice              9
Comestibles
 c - 24 rations


   Skills:
 - Level 5.2 Fighting
 + Level 4.2 Dodging
 - Level 5.0 Stealth
 + Level 13.1 Spellcasting
 + Level 12.7 Conjurations
 - Level 5.0 Summonings
 * Level 14.9 Ice Magic
 - Level 3.0 Air Magic
 - Level 6.4 Invocations


You had 9 spell levels left.
You knew the following spells:

 Your Spells              Type           Power        Failure   Level  Hunger
a - Freeze                Ice            ####         0%          1    None
b - Throw Frost           Conj/Ice       ######       1%          2    None
c - Ozocubu's Armour      Chrm/Ice       ######..     1%          3    None
d - Throw Icicle          Conj/Ice       #######.     1%          4    None
e - Summon Ice Beast      Ice/Summ       #######.     1%          4    None
f - Summon Lightning Spi  Summ/Air       #####...     7%          4    None
g - Iskenderun's Battles  Conj/Chrm      #####...     7%          5    ###....
h - Freezing Cloud        Conj/Ice/Air   #######...   9%          6    #####..


Dungeon Overview and Level Annotations

Branches:
Dungeon (11/15)            Temple (1/1) D:6            Lair (6/6) D:10
 Shoals (0/4) Lair:2        Snake (0/4) Lair:4        Slime (0/5) Lair:5
    Orc (0/2) D:9

Altars:
Ashenzari
Cheibriados
Dithmenos
Elyvilon
Fedhas
Gozag
Hepliaklqana
Kikubaaqudgha
Makhleb
Nemelex Xobeh
Okawaru
Qazlal
Ru
Sif Muna
Trog
Uskayaw
Vehumet
Wu Jian
Xom
Yredelemnul
Zin
The Shining One
Beogh

Shops:
D:4 *:   D:8 (   D:10 %

Annotations:
D:3 Grinder
Lair:6 aaeveom's ghost, journeyman MiBe


Message History

The blast of flame misses you.
You hear a sizzling sound!
The plant is engulfed in freezing vapours.
Your ice beast barely misses the fire dragon.
The swamp dragon breathes poison at you.
The blast of poison engulfs your ice beast.
The fire dragon is engulfed in freezing vapours.
Casting: Freezing Cloud
Confirm with . or Enter, or press ? or * to list all spells.
Aiming: Throw Icicle
Press: ? - help, Shift-Dir - straight line, f - fire dragon
Aim: a fire dragon (poison gas, almost dead, catching its breath)
You feel a surge of power!
The shard of ice hits the fire dragon.
The fire dragon is frozen!
You kill the fire dragon!
Sif Muna accepts your kill.
The fire dragon scales are intact enough to wear.
You are engulfed in poison gas.
You are lethally poisoned!
You die...

####### ♣P
♣♣♣♣♣♣♣♣♣♣≈
♣♣♣♣P♣.♣≈.♣♣≈≈
♣♣.P..≈♣≈≈≈≈≈≈.
♣♣♣...♣♣..≈≈♣≈..P
♣♣..♣.P♣≈†≈♣♣♣♣♣♣.
♣♣..†.P.≈≈♣♣.P ♣#
♣§@§§§..≈♣♣ .... #
♣♣§§§§≈≈.≈♣ ♣♣..♣
# ♣♣♣§P§§♣♣♣.†≈.
♣.♣ ♣.§§Y§♣♣
♣♣.≈≈♣ ♣♣ ♣♣♣§§§♣♣
♣P≈≈ ♣≈.≈D♣♣ ♣♣≈
♣≈≈≈♣♣ ♣♣≈≈♣
..≈≈.≈


You could see a swamp dragon and a friendly ice beast.

Vanquished Creatures
  Gastronok (D:8)
  The ghost of keltmir the Fighter, a journeyman GnWn of Okawaru (Lair:1)
  A fire dragon (Lair:6)
  Josephine (Lair:6)
  4 hydras
  Erica (D:8)
  5 two-headed ogres
  Nergalle (D:10)
  An ugly thing (D:11)
  A black mamba (Lair:3)
  A torpor snail (Lair:4)
  9 spiny frogs
  A gargoyle (D:10)
  4 komodo dragons
  A tengu conjurer (D:9)
  A merfolk (Lair:2)
  A troll (D:10)
  Prince Ribbit (D:5)
  3 blink frogs (Lair:2)
  7 dream sheep
  6 hippogriffs
  Sigmund (D:3)
  A centaur simulacrum (D:10)
  4 basilisks
  6 wyverns
  27 yaks
  2 steam dragons (Lair:6)
  A warg (Lair:6)
  2 nagas (Lair:4)
  5 water moccasins
  The ghost of Tiareth the Magician, an amateur DEWz (D:4)
  3 porcupines
  8 orc warriors
  8 ice beasts
  2 swamp drakes (Lair:6)
  2 sky beasts
  2 black bears (D:9)
  2 phantoms (D:9)
  A necrophage (D:11)
  7 ogres
  8 wolves
  3 centaurs
  7 crocodiles
  11 bullfrogs
  4 scorpions
  3 electric eels
  4 howler monkeys
  3 crimson imps
  5 jellies
  A bullfrog zombie (D:10)
  A centaur skeleton (D:5)
  7 hounds
  12 orc wizards
  9 orc priests
  A bullfrog skeleton (D:9)
  3 iguanas
  5 worker ants
  A killer bee zombie (D:5)
  A howler monkey zombie (D:9)
  A worker ant zombie (D:8)
  8 adders
  4 shadow imps
  A white imp (D:10)
  An ooze (D:1)
  An adder zombie (D:9)
  2 worms
  An adder skeleton (D:8)
  A dart slug (D:2)
  A leopard gecko (D:8)
  48 orcs
  2 giant cockroaches
  5 hobgoblins
  4 jackals
  3 quokkas
  A ball python (D:3)
  9 bats
  7 frilled lizards
  A jackal zombie (D:6)
  10 kobolds
  A rat (D:3)
  A spectral orc (D:4)
  4 fungi
  9 plants (Lair:1)
352 creatures vanquished.

Vanquished Creatures (collateral kills)
  Fannar (Lair:1)
  A two-headed ogre (D:10)
  A spiny frog (Lair:4)
  3 rime drakes
  A komodo dragon (Lair:4)
  A troll (D:11)
  2 blink frogs (Lair:2)
  3 hippogriffs
  A dream sheep (Lair:6)
  3 wraiths (Lair:6)
  13 yaks
  A warg (Lair:6)
  A naga (Lair:4)
  An orc warrior (D:7)
  3 black bears
  A phantom (D:7)
  A centaur (D:6)
  6 wolves
  2 bullfrogs (Lair:4)
  A water moccasin skeleton (D:9)
  2 scorpions (D:6)
  3 wights (D:5)
  A crimson imp (D:9)
  2 orc priests (D:7)
  2 hounds (D:10)
  3 orc wizards
  2 iguanas
  A killer bee zombie (D:9)
  3 gnolls (D:7)
  2 white imps (D:10)
  9 orcs
77 creatures vanquished.

Vanquished Creatures (others)
  3 fungi
  12 plants
15 creatures vanquished.

Grand Total: 444 creatures vanquished

Notes
Turn   | Place    | Note
-------+----------+-------------------------------------------
     0 | D:1      | vatarom the Deep Elf Ice Elementalist began the quest for the Orb.
     0 | D:1      | Reached XP level 1. HP: 10/10 MP: 6/6
   471 | D:1      | Reached XP level 2. HP: 8/16 MP: 5/8
   578 | D:1      | Learned a level 2 spell: Throw Frost
   990 | D:2      | Reached XP level 3. HP: 16/20 MP: 7/9
  1117 | D:2      | Reached skill level 4 in Ice Magic
  1175 | D:2      | Learned a level 3 spell: Ozocubu's Armour
  2221 | D:3      | Reached skill level 1 in Fighting
  2286 | D:3      | Reached XP level 4. HP: 24/25 MP: 9/11
  2306 | D:3      | Noticed Sigmund
  2331 | D:3      | Killed Sigmund
  2331 | D:3      | Reached skill level 5 in Ice Magic
  2331 | D:3      | Reached XP level 5. HP: 21/29 MP: 2/13
  2385 | D:3      | Learned a level 4 spell: Throw Icicle
  2513 | D:3      | Noticed Grinder
  2714 | D:4      | Found a basalt altar of Yredelemnul.
  2800 | D:4      | Found Xosops's Elemental Accessories.
  2806 | D:4      | Noticed Tiareth's ghost (amateur DEWz)
  2808 | D:4      | Reached XP level 6. HP: 35/35 MP: 14/14
  2814 | D:4      | Killed Tiareth's ghost
  2926 | D:4      | Reached XP level 7. HP: 34/40 MP: 4/16
  3015 | D:4      | Reached skill level 5 in Spellcasting
  3061 | D:4      | Learned a level 4 spell: Summon Ice Beast
  3393 | D:4      | Found Deuxke's Book Shoppe.
  3658 | D:5      | Entered Level 5 of the Dungeon
  3682 | D:5      | Reached skill level 6 in Ice Magic
  3858 | D:5      | Reached skill level 5 in Conjurations
  4156 | D:5      | HP: 2/40 [poisoned by a worker ant]
  4162 | D:5      | HP: 2/40 [poisoned by a worker ant]
  4255 | D:5      | Reached XP level 8. HP: 31/45 MP: 3/18
  4675 | D:5      | Reached skill level 7 in Ice Magic
  4705 | D:5      | Found a burning altar of Makhleb.
  4748 | D:5      | Noticed Prince Ribbit
  4958 | D:5      | Killed Prince Ribbit
  5566 | D:6      | Found a staircase to the Ecumenical Temple.
  5578 | Temple   | Entered the Ecumenical Temple
  5819 | Temple   | Became a worshipper of Sif Muna the Loreminder
  6043 | D:6      | Reached skill level 8 in Ice Magic
  6257 | D:6      | Reached XP level 9. HP: 51/52 MP: 5/21
  6487 | D:7      | Found a bloodstained altar of Trog.
  6549 | D:7      | Found an iron altar of Okawaru.
  6835 | D:7      | Reached * piety under Sif Muna
  7380 | D:7      | Reached skill level 9 in Ice Magic
  7790 | D:8      | Found Fitus's Antique Weapon Emporium.
  7917 | D:8      | Noticed Gastronok
  8181 | D:8      | Reached skill level 1 in Invocations
  8564 | D:8      | Noticed Erica
  8668 | D:8      | Killed Erica
  8668 | D:8      | Reached ** piety under Sif Muna
  8668 | D:8      | Reached XP level 10. HP: 51/58 MP: 12/24
  8920 | D:8      | Got an ichor-stained hand axe
  8921 | D:8      | Identified the +1 hand axe of Exquisite Torment {venom, rPois Dex+3} (You found it on level 8 of the Dungeon)
  9145 | D:8      | Killed Gastronok
  9145 | D:8      | Reached *** piety under Sif Muna
  9145 | D:8      | Reached skill level 5 in Fighting
  9145 | D:8      | Reached skill level 10 in Ice Magic
  9414 | D:9      | Found a roughly hewn altar of Beogh.
  9414 | D:9      | Found a staircase to the Orcish Mines.
  9696 | D:9      | Reached skill level 10 in Conjurations
  9733 | D:9      | HP: 1/88 [ice beast (13)]
 10188 | D:9      | Reached skill level 1 in Summonings
 10445 | D:9      | Reached **** piety under Sif Muna
 10772 | D:9      | Learned a level 4 spell: Summon Lightning Spire
 11139 | D:10     | Entered Level 10 of the Dungeon
 11139 | D:10     | Noticed a two-headed ogre
 11142 | D:10     | Killed a two-headed ogre
 11142 | D:10     | Reached XP level 11. HP: 64/64 MP: 13/26
 11285 | D:10     | Noticed a two-headed ogre
 11292 | D:10     | Killed a two-headed ogre
 11292 | D:10     | Reached skill level 11 in Ice Magic
 11482 | D:10     | Noticed Nergalle
 11499 | D:10     | Killed Nergalle
 11656 | D:10     | Noticed a two-headed ogre
 11667 | D:10     | Killed a two-headed ogre
 12068 | D:10     | Reached ***** piety under Sif Muna
 12170 | D:10     | Found a staircase to the Lair.
 12211 | D:10     | Identified Sif Muna's Collected Works on Destructive Venom (Sif Muna gifted it to you on level 10 of the Dungeon)
 12211 | D:10     | Received a gift from Sif Muna
 12222 | D:10     | Learned a level 5 spell: Iskenderun's Battlesphere
 12235 | D:10     | Reached skill level 5 in Invocations
 12744 | D:10     | Found Ibbisuywk's Food Boutique.
 12805 | D:10     | Noticed a two-headed ogre
 12814 | D:10     | Killed a two-headed ogre
 12814 | D:10     | Reached skill level 10 in Spellcasting
 12814 | D:10     | Reached skill level 5 in Summonings
 13278 | D:11     | Reached skill level 1 in Air Magic
 13423 | D:11     | Noticed a two-headed ogre
 13432 | D:11     | Killed a two-headed ogre
 13530 | D:11     | Noticed a two-headed ogre
 13535 | D:11     | Killed a two-headed ogre
 13707 | D:11     | Found a flickering gateway to a bazaar.
 13716 | Bazaar   | Entered a bazaar
 13751 | Bazaar   | Found Waiwk's Book Boutique.
 13784 | Bazaar   | Found Miaff's Magic Scroll Shop.
 13842 | Bazaar   | Found Ihoulul's Antique Weapon Shop.
 13851 | Bazaar   | Found Loseir's Armour Emporium.
 13900 | Bazaar   | Bought a book of Clouds for 450 gold pieces
 13908 | Bazaar   | Learned a level 6 spell: Freezing Cloud
 14049 | D:11     | Noticed a purple ugly thing
 14052 | D:11     | Killed a purple ugly thing
 14293 | Lair:1   | Entered Level 1 of the Lair of Beasts
 14359 | Lair:1   | Reached XP level 12. HP: 63/67 MP: 16/28
 14375 | Lair:1   | Noticed Fannar
 14384 | Lair:1   | Killed Fannar
 14384 | Lair:1   | Reached skill level 12 in Ice Magic
 14439 | Lair:1   | Noticed keltmir's ghost (journeyman GnWn)
 14447 | Lair:1   | Killed keltmir's ghost
 14799 | Lair:1   | Reached skill level 5 in Stealth
 14803 | Lair:1   | Identified Sif Muna's Volume of Changing and Flames (Sif Muna gifted it to you on level 1 of the Lair of Beasts)
 14803 | Lair:1   | Received a gift from Sif Muna
 15045 | Lair:1   | Found a dark tunnel.
 15204 | Lair:1   | Noticed a seven-headed hydra
 15225 | Lair:1   | Killed a seven-headed hydra
 16838 | Lair:2   | Reached skill level 13 in Ice Magic
 17020 | Lair:2   | Noticed a seven-headed hydra
 17026 | Lair:2   | Killed a seven-headed hydra
 17317 | Lair:2   | Found a staircase to the Shoals.
 17589 | Lair:3   | Noticed an eight-headed hydra
 17594 | Lair:3   | Killed an eight-headed hydra
 18021 | Lair:3   | Got a vibrating lapis lazuli ring
 18025 | Lair:3   | Identified the ring "Ebuidont" {-Tele +Inv rF+ rN+++ Dex-5} (You found it on level 3 of the Lair of Beasts)
 18267 | Lair:3   | Received a gift from Sif Muna
 18451 | Lair:4   | Reached XP level 13. HP: 71/71 MP: 13/31
 18690 | Lair:4   | Reached skill level 14 in Ice Magic
 19231 | Lair:4   | Found a staircase to the Snake Pit.
 19903 | Lair:5   | Found a staircase to the Slime Pits.
 20618 | Lair:6   | Entered Level 6 of the Lair of Beasts
 20790 | Lair:6   | Noticed aaeveom's ghost (journeyman MiBe)
 20797 | Lair:6   | Noticed Josephine
 20803 | Lair:6   | Killed Josephine
 20876 | Lair:6   | Received a gift from Sif Muna
 20948 | Lair:6   | Identified Cuwiss's Volume of the Noxious Compass (Sif Muna gifted it to you on level 6 of the Lair of Beasts)
 21397 | Lair:6   | Noticed a fire dragon
 21410 | Lair:6   | Killed a fire dragon
 21410 | Lair:6   | Engulfed by a swamp dragon's poison gas

Skill      XL: |  1  2  3  4  5  6  7  8  9 10 11 12 13 |
---------------+----------------------------------------+-----
Ice Magic      | 4 5 6 8 9 10 11 13 14 | 14.9
Conjurations   | 2 3 4 5 7 9 10 11 12 | 12.7
Fighting       | 1 2 3 4 5 |  5.2
Spellcasting   | 4 5 6 8 9 10 12 13 | 13.1
Invocations    | 2 4 6 |  6.4
Summonings     | 2 5 |  5.0
Stealth        | 4 5 |  5.0
Air Magic      | 2 3 |  3.0
Dodging        | 4 |  4.2

Action                   |  1- 3 |  4- 6 |  7- 9 | 10-12 | 13-15 || total
-------------------------+-------+-------+-------+-------+-------++-------
Melee: Club              |    15 |       |       |       |       ||    15
       Unarmed           |     3 |       |       |       |       ||     3
       Trident           |    39 |    25 |   190 |   148 |       ||   402
       Demon whip        |       |       |       |    53 |       ||    53
       Staff             |       |       |       |     7 |    12 ||    19
 Cast: Freeze            |    35 |     9 |    82 |    43 |     3 ||   172
       Throw Frost       |     2 |     6 |     5 |    48 |     5 ||    66
       Throw Icicle      |       |     1 |    35 |   174 |    60 ||   270
       Ozocubu's Armour  |       |     1 |     1 |     4 |       ||     6
       Summon Ice Beast  |       |       |    29 |    31 |    32 ||    92
       Summon Lightning  |       |       |       |     1 |       ||     1
       Iskenderun's Batt |       |       |       |    13 |     1 ||    14
       Freezing Cloud    |       |       |       |    24 |    15 ||    39
Invok: Divine Energy     |       |       |     1 |       |       ||     1
       Channel Magic     |       |       |       |     5 |     3 ||     8
Evoke: Wand              |       |       |     1 |     5 |       ||     6
  Use: Scroll            |     3 |     1 |     9 |    14 |     6 ||    33
       Potion            |       |     2 |     4 |     4 |     2 ||    12
 Stab: Sleeping          |     5 |     4 |     9 |     4 |       ||    22
       Distracted        |       |       |     4 |       |       ||     4
  Eat: Chunk             |     4 |     2 |     8 |    11 |    10 ||    35
       Ration            |       |       |     7 |     8 |     2 ||    17
Armor: Robe              |    12 |     1 |    77 |    98 |    12 ||   200
Dodge: Dodged            |    50 |    20 |   177 |   207 |    39 ||   493
